 Dungeon Crawl Stone Soup version 0.30-a0-242-g7bf8e6d787 (webtiles) character file.

Game seed: 14471246660304209559

31763 jimonade the Eclecticist (level 13, -1/89 HPs)
             Began as a Djinni Conjurer on Oct 10, 2022.
             Was a Believer of Ashenzari.
             Slain by a basilisk (3 damage)
             ... on level 5 of the Lair of Beasts on Oct 11, 2022.
             The game lasted 00:56:34 (13099 turns).

jimonade the Eclecticist (Djinni Conjurer)         Turns: 13099, Time: 00:56:34

Health: -1/89      AC: 17    Str:  8    XL:     13   Next: 98%
Gold:   1559       EV:  8    Int: 25    God:    Ashenzari [**....] SH:  7 Dex: 13

rFire   + . .      SeeInvis +    b - staff of death
rCold   x . .      Faith    .    S - +2 buckler
rNeg    + + +      Spirit   .    G - +6 scale mail "Keqoreb" {rF- rN+++ SInv Stlth+}
rPois   ∞          Reflect  .    N - +1 helmet of the Lashed Incredulity {Int+3, Evo, Self} (curse)
rElec   .          Harm     .    v - +0 cloak
rCorr   .          Rampage  .    c - +0 pair of gloves of Cremastomancy {Self, Melee} (curse)
Will    +....                    (boots unavailable)
Stlth   +.........               f - amulet of Ashenzari's Augurer {Regen+, Evo, Self} (curse)
HPRegen 1.14/turn                A - ring of wizardry
MPRegen 0.00/turn                M - ring of wizardry

@: flying
A: sickness immunity, fire resistance 2, cold vulnerability 1, float, innate
caster, HP casting, extra vitality 1
a: Renounce Religion, Curse Item, Shatter the Chains


You were on level 5 of the Lair of Beasts.
You worshipped Ashenzari.
Ashenzari was pleased with you.
You visited 3 branches of the dungeon, and saw 16 of its levels.
You also visited: Ossuary and Bailey.

You collected 1559 gold pieces.

Inventory:

Hand Weapons
 a - a +2 dagger of venom
 g - a +2 short sword of protection
 H - a +0 lajatang
 K - a +3 sling of flaming
 X - a +0 demon blade
Missiles
 C - a throwing net
Armour
 c - the cursed +0 pair of gloves of Cremastomancy (worn) {Self, Melee}
   (You found it on level 1 of the Lair of Beasts)

   It has a curse which improves the following skills: Introspection: Fighting
   and Spellcasting.
   Melee Combat: Short Blades, Long Blades, Axes, Maces & Flails, Polearms,
   Staves and Unarmed Combat.
 d - a +0 ring mail
 p - a +1 helmet
 v - a +0 cloak (worn)
 E - a +0 leather armour
 G - the +6 scale mail "Keqoreb" (worn) {rF- rN+++ SInv Stlth+}
   (You took it off an orc warrior in a bailey)

   rF:        It makes you vulnerable to fire.
   rN:        It renders you almost immune to negative energy.
   SInv:      It lets you see invisible.
   Stlth:     It makes you more stealthy.
 L - a +0 tower shield
 N - the cursed +1 helmet of the Lashed Incredulity (worn) {Int+3, Evo, Self}
   (You found it on level 7 of the Dungeon)

   It has a curse which improves the following skills: Evocations: Evocations.
   Introspection: Fighting and Spellcasting.
 S - a +2 buckler (worn)
Magical Staves
 b - a staff of death (weapon)
Jewellery
 f - the cursed amulet of Ashenzari's Augurer (around neck) {Regen+, Evo, Self}
   (You found it on level 1 of the Dungeon)

   [amulet of regeneration]

   Regen:     It increases your rate of health regeneration.
   It has a curse which improves the following skills: Evocations: Evocations.
   Introspection: Fighting and Spellcasting.
 t - the amulet "Kuzet" {Acrobat Harm Str-4 Dex+3}
   (You found it on level 3 of the Dungeon)

   [amulet of the acrobat]

   It increases your evasion while moving and waiting.
   Str:       It affects your strength (-4).
   Dex:       It affects your dexterity (+3).
   Harm:      It increases damage dealt and taken.
 A - a ring of wizardry (left hand)
 M - a ring of wizardry (right hand)
 O - a ring of positive energy
Wands
 B - a wand of quicksilver (12)
 D - a wand of digging (7)
 P - a wand of polymorph (6)
 T - a wand of charming (16)
 Z - a wand of flame (19)
Scrolls
 e - 2 scrolls of silence
 i - 6 scrolls of poison
 j - 14 scrolls of identify
 k - 3 scrolls of immolation
 m - 7 scrolls of teleportation
 n - a scroll of summoning
 w - 5 scrolls of blinking
 y - 3 scrolls of fear
 Q - a scroll of brand weapon
 U - 4 scrolls of butterflies
 W - 3 scrolls of enchant armour
Potions
 h - 2 potions of might
 l - 7 potions of mutation
 o - 6 potions of brilliance
 r - 10 potions of curing
 s - 3 potions of attraction
 u - 3 potions of berserk rage
 z - 4 potions of lignification
 F - a potion of resistance
 I - 2 potions of ambrosia
 J - 4 potions of heal wounds
 R - 2 potions of cancellation
 V - a potion of haste
Miscellaneous
 Y - a piece from Xom's chessboard (15/15)


   Skills:
 * Level 4.5(6.9) Fighting
 * Level 4.4 Armour
 * Level 4.1 Dodging
 - Level 1.5 Stealth
 * Level 4.5 Shields
 - Level 16.4(18.8) Spellcasting


You had 17 spell levels left.
You knew the following spells:

 Your Spells              Type           Power      Damage    Failure   Level
a - Magic Dart            Conj           100%       1d8       0%          1
b - Searing Ray           Conj           100%       2d8       0%          2
c - Dazzling Flash        Conj/Hex       100%       N/A       1%          3
d - Fulminant Prism       Conj/Hex       43%        3d20      1%          4
e - Iskenderun's Mystic   Conj/Tloc      87%        2d17      1%          4
f - Sandblast             Erth           100%       2d20      0%          1
g - Static Discharge      Conj/Air       100%       2-7/arc   0%          2
h - Spider Form           Tmut/Pois      87%        N/A       1%          3
i - Portal Projectile     Hex/Tloc       100%       N/A       1%          3
j - Animate Dead          Necr           100%       N/A       1%          4
k - Summon Mana Viper     Hex/Summ       87%        N/A       1%          5
Your spell library was empty.

Dungeon Overview and Level Annotations

Branches:
Dungeon (10/15)            Temple (1/1) D:4            Lair (5/5) D:10
  Swamp (0/4) Lair:2        Snake (0/4) Lair:2      Ossuary (visited)
 Bailey (visited)
  Slime: Lair:4-5       Orc: D:9-12

Altars:
Ashenzari
Cheibriados
Dithmenos
Elyvilon
Fedhas
Gozag
Hepliaklqana
Makhleb
Nemelex Xobeh
Okawaru
Qazlal
Ru
Trog
Uskayaw
Wu Jian
Xom
Yredelemnul
Zin
The Shining One

Shops:
D:2 !(   D:5 (

Annotations:
D:2 exclusion: black bear
D:3 2 transporters, Darkkill's ghost, weakling GnWn
D:5 1 runed translucent door, Crazy Yiuf
D:10 1 runed translucent door
Lair:2 1 runed translucent door, MrSquiggles's ghost, adept OpCj
Lair:3 exclusion: oklob plant


Innate Abilities, Weirdness & Mutations

You are immune to sickness and miasma.
You are immune to poison.
Your flesh is very heat resistant. (rF++)
You are vulnerable to cold. (rC-)
You float through the air rather than walking.
You learn spells naturally, not from books.
Your magical power is your life essence.
You have superior vitality. (+4 MHP)


Message History

* * * LOW HITPOINT WARNING * * *
The basilisk gazes at you.
You easily resist.
The jelly hits you but does no damage. The komodo dragon bites you!
* * * LOW HITPOINT WARNING * * *
The basilisk gazes at you.
You easily resist.
The jelly hits you but does no damage. The komodo dragon bites you!!
* * * LOW HITPOINT WARNING * * *
The basilisk bites you but does no damage.
The jelly hits you but does no damage. The komodo dragon bites you.
* * * LOW HITPOINT WARNING * * *
An endoplasm comes into view.
The basilisk bites you but does no damage.
The jelly hits you but does no damage.
The komodo dragon bites you but does no damage.
The basilisk bites you but does no damage.
The jelly hits you but does no damage. The komodo dragon bites you!
* * * LOW HITPOINT WARNING * * *
The basilisk bites you but does no damage.
The jelly hits you but does no damage.
You turn to flesh and can move again.
Casting: Magic Dart (safe; 0% risk of failure)
Confirm with . or Enter, or press ? or * to list all spells.
You erupt in a blast of force!
The mystic blast hits the rime drake!!
The rime drake is almost dead.
The rime drake is knocked back by the mystic blast.
The mystic blast hits the endoplasm!
You kill the endoplasm!
The mystic blast hits the komodo dragon!!
You kill the komodo dragon!
The mystic blast hits the jelly!!
You kill the jelly!
The mystic blast hits the basilisk but does no damage.
The endoplasm quivers.
* * * LOW HITPOINT WARNING * * *
The basilisk bites you.
You die...

,
.....#......#.......,
, , *
......##.#..........,,
, , ,
.#.##..............
............†....... ,
.....†..†[..........
,, , ,
.......†............,
, ,,
....J............... ,
, .......l†...........
, .....k††@...........
,,
....................
♣..♣♣....♣♣..♣♣.... *
♣♣♣ ♣♣...♣*♣♣♣*... *
♣♣♣♣♣ *♣♣ * *, * , , *
* ,


You could see a basilisk, a rime drake and an endoplasm.

Vanquished Creatures
  4 hydras
  A two-headed ogre (D:10)
  5 elephants (Lair:4)
  6 black mambas
  A torpor snail (Lair:3)
  Joseph (D:7)
  8 komodo dragons
  6 cane toads
  Psyche (D:9)
  A rime drake (Lair:5)
  A troll (D:9)
  3 polar bears
  2 hornets
  5 dream sheep (Lair:3)
  6 blink frogs
  A spriggan (Lair:1)
  38 yaks
  3 wyverns
  2 basilisks
  Grum (Lair:1)
  3 nagas (Lair:2)
  18 water moccasins
  6 orc warriors
  A sky beast (D:8)
  4 black bears
  4 centaurs
  32 wolves
  A komodo dragon zombie (Lair:1)
  A phantom (D:5)
  9 bullfrogs
  2 kobold brigands
  5 scorpions
  A gnoll sergeant (D:10)
  4 wights (D:7)
  6 killer bees (D:9)
  3 howler monkeys
  7 hounds
  3 jellies
  7 orc priests
  2 gnoll boudas
  A hell rat (Lair:5)
  An iguana (D:6)
  5 orc wizards
  4 mummies
  18 gnolls
  7 adders
  A shadow imp (D:7)
  2 white imps (D:6)
  5 adder zombies (Ossuary)
  21 orcs
  4 endoplasms
  A giant cockroach (D:4)
  15 goblins
  11 hobgoblins
  5 jackals
  4 quokkas
  8 ball pythons
  8 bats
  5 frilled lizards
  2 gnoll zombies
  2 goblin zombies (Ossuary)
  2 hobgoblin zombies (Ossuary)
  25 kobolds
  3 kobold zombies (Ossuary)
  An orc zombie (Ossuary)
  4 rats
  4 rat zombies (Ossuary)
384 creatures vanquished.

Vanquished Creatures (collateral kills)
  A lindwurm (Lair:3)
  A cane toad (Lair:3)
  A rime drake (Lair:3)
  A wyvern (D:10)
  2 yaks
  4 wolves (Lair:1)
  A centaur (D:10)
11 creatures vanquished.

Vanquished Creatures (others)
  A komodo dragon zombie (D:10)
  4 wolf zombies (Lair:1)
  A centaur zombie (D:10)
  176 fulminant prisms
  30 fungi
  84 plants
296 creatures vanquished.

Grand Total: 691 creatures vanquished

Notes
Turn   | Place    | Note
-------+----------+-------------------------------------------
     0 | D:1      | jimonade the Djinni Conjurer began the quest for the Orb.
     0 | D:1      | jimonade set off with the following spells memorised: Magic
                  | Dart, Searing Ray, Dazzling Flash, Fulminant Prism,
                  | Iskenderun's Mystic Blast.
     0 | D:1      | Reached XP level 1. HP: 15/15 MP: 0/0
   173 | D:1      | Reached XP level 2. HP: 19/21 MP: 0/0
   458 | D:1      | Reached XP level 3. HP: 24/25 MP: 0/0
   458 | D:1      | Learned a level 1 spell: Sandblast
   544 | D:1      | Reached skill level 4 in Spellcasting
   616 | D:2      | Noticed a black bear
   793 | D:2      | Found a faded altar of an unknown god.
  1068 | D:2      | Found Voru's Weapon Shoppe.
  1109 | D:2      | Found Ikipew's Distillery.
  1283 | D:3      | Noticed a sky beast
  1287 | D:3      | Reached XP level 4. HP: 31/31 MP: 0/0
  1348 | D:3      | Found a transporter.
  1524 | D:3      | Found a shimmering altar of Xom.
  1564 | D:3      | Identified the amulet "Kuzet" {Acrobat Harm Str-4 Dex+3}
  1571 | D:3      | Found a hazy altar of Hepliaklqana.
  1665 | D:3      | Reached XP level 5. HP: 34/35 MP: 0/0
  1665 | D:3      | Learned a level 2 spell: Static Discharge
  1675 | D:3      | Found an ornate altar of the Wu Jian Council.
  1693 | D:3      | Found a transporter.
  1706 | D:3      | Reached skill level 5 in Spellcasting
  1716 | D:3      | Noticed Darkkill's ghost (weakling GnWn)
  1801 | D:3      | Reached XP level 6. HP: 39/40 MP: 0/0
  2369 | D:4      | Found a sand-covered staircase.
  2383 | Ossuary  | Entered an ossuary
  2621 | D:4      | Found a staircase to the Ecumenical Temple.
  2681 | Temple   | Entered the Ecumenical Temple
  2936 | Temple   | Became a worshipper of Ashenzari the Shackled
  3180 | D:4      | Noticed a black bear
  3189 | D:4      | Killed a black bear
  3190 | D:4      | Reached skill level 6 in Spellcasting
  3190 | D:4      | Reached XP level 7. HP: 44/45 MP: 0/0
  3190 | D:4      | Learned a level 3 spell: Spider Form
  3286 | D:5      | Entered Level 5 of the Dungeon
  3380 | D:5      | Reached skill level 7 in Spellcasting
  3380 | D:5      | Reached XP level 8. HP: 30/50 MP: 0/0
  3481 | D:5      | Found Dait's Weapon Shop.
  3609 | D:5      | Found a runed translucent door.
  3610 | D:5      | Noticed Crazy Yiuf
  3627 | D:5      | Upgraded the game from 0.30-a0-241-g1121274140 to
                  | 0.30-a0-242-g7bf8e6d787
  3989 | D:6      | Reached skill level 8 in Spellcasting
  4790 | D:7      | Reached XP level 9. HP: 54/55 MP: 0/0
  4790 | D:7      | Learned a level 3 spell: Portal Projectile
  4837 | D:7      | Reached skill level 9 in Spellcasting
  4855 | D:7      | Noticed Joseph
  4868 | D:7      | Killed Joseph
  5303 | D:7      | Found a snail-covered altar of Cheibriados.
  5308 | D:7      | Reached skill level 10 in Spellcasting
  6268 | D:8      | Found a stormy altar of Qazlal.
  6466 | D:9      | Reached XP level 10. HP: 51/60 MP: 0/0
  6498 | D:9      | Found a flagged portal.
  6512 | Bailey   | Entered a bailey
  6804 | Bailey   | Identified the +6 scale mail "Keqoreb" {rF- rN+++ SInv
                  | Stlth+}
  6840 | Bailey   | Reached skill level 11 in Spellcasting
  7045 | D:9      | Noticed Psyche
  7051 | D:9      | Killed Psyche
  7321 | D:9      | Reached skill level 12 in Spellcasting
  7731 | D:9      | Reached XP level 11. HP: 57/65 MP: 0/0
  7731 | D:9      | Learned a level 4 spell: Animate Dead
  8007 | D:10     | Entered Level 10 of the Dungeon
  8299 | D:10     | Found a staircase to the Lair.
  8523 | D:10     | Reached skill level 13 in Spellcasting
  8599 | D:10     | Found a runed translucent door.
  8603 | D:10     | Noticed a cyclops
  8604 | D:10     | Noticed a manticore
  8643 | D:10     | Noticed a two-headed ogre
  8664 | D:10     | Killed a two-headed ogre
  8784 | D:10     | Found a burning altar of Makhleb.
  8829 | D:10     | Found a basalt altar of Yredelemnul.
  9052 | Lair:1   | Entered Level 1 of the Lair of Beasts
  9299 | Lair:1   | Reached * piety under Ashenzari
  9369 | Lair:1   | Noticed Grum
  9435 | Lair:1   | Killed Grum
  9443 | Lair:1   | Reached skill level 14 in Spellcasting
  9584 | Lair:1   | Reached XP level 12. HP: 39/70 MP: 0/0
  9879 | Lair:1   | Noticed a spriggan rider
 10109 | Lair:2   | Found a staircase to the Snake Pit.
 10322 | Lair:2   | Reached skill level 15 in Spellcasting
 10395 | Lair:2   | Reached ** piety under Ashenzari
 10459 | Lair:2   | Noticed an eight-headed hydra
 10468 | Lair:2   | Killed an eight-headed hydra
 10538 | Lair:2   | Found a runed translucent door.
 10565 | Lair:2   | Found a staircase to the Swamp.
 10641 | Lair:2   | Noticed MrSquiggles's ghost (adept OpCj)
 11017 | Lair:3   | Reached XP level 13. HP: 72/75 MP: 0/0
 11017 | Lair:3   | Learned a level 5 spell: Summon Mana Viper
 11034 | Lair:3   | Reached skill level 16 in Spellcasting
 12143 | Lair:4   | Reached skill level 1 in Armour
 12146 | Lair:4   | Reached skill level 1 in Fighting
 12146 | Lair:4   | Reached skill level 1 in Shields
 12217 | Lair:4   | Noticed a seven-headed hydra
 12222 | Lair:4   | Killed a seven-headed hydra
 12323 | Lair:4   | Noticed a seven-headed hydra
 12334 | Lair:4   | Killed a seven-headed hydra
 12639 | Lair:4   | Noticed a six-headed hydra
 12645 | Lair:4   | Killed a six-headed hydra
 13030 | Lair:5   | Entered Level 5 of the Lair of Beasts
 13099 | Lair:5   | Slain by a basilisk

Illustrated notes

Levels and vault maps discovered:
D:1:      dpeg_arrival_long_road, layout_rooms
D:2:      layout_loops_cross, serial_shops, shop, nicolae_shop_behind_doors,
          shapermc_ecumenical_altar_notcrosses
D:3:      layout_loops_corners, mainiacjoe_overflow_brackets,
          nzn_wu_jian_contemplation, mainiacjoe_overflow_paths,
          gammafunk_ghost_arena, corner_web_ring
D:4:      layout_basic, minmay_temple_entry_gardened_gates, enter_ossuary_1
D:5:      layout_rooms, serial_shops, shop_fountains, uniq_crazy_yiuf_cottage
D:6:      layout_basic, st_stairs_9
D:7:      layout_gridville, slow_altar_2, uniq_joseph
D:8:      layout_basic, nicolae_qazlal_style_of_elements
D:9:      layout_stronghold, enter_bailey_3, uniq_psyche
D:10:     layout_loops_corners, mainiacjoe_overflow_swirl,
          mainiacjoe_overflow_alcove_1, david_lair_shrubbed, minmay_st_funbox
Temple:   minmay_temple_curvy_branch
Lair:1:   layout_small_grid, serial_bayou_lagoon_a,
          grunt_forest_large_clearings, uniq_grum
Lair:2:   beast_lair_carwin_large_1, layout_regular_city,
          minmay_swamp_entry_reptiles, minmay_snake_entry_guardpost_small,
          ebering_ghost_reflecting_pool
Lair:3:   layout_regular_city
Lair:4:   layout_regular_city, serial_bayou_pond_a, lemuel_fruit_fields
Lair:5:   evil_forest, layout_regular_city, nicolae_slime_entry_slimehenge,
          grunt_megastairs_3, infiniplex_staircase_pool, uniq_snorg

Skill      XL: |  1  2  3  4  5  6  7  8  9 10 11 12 13 |
---------------+----------------------------------------+-----
Spellcasting   | 4 5 6 7 8 10 12 14 15 16 | 16.4
Armour         | 4 |  4.4
Fighting       | 4 |  4.5
Shields        | 4 |  4.5
Dodging        | 4 |  4.1
Stealth        | |  1.5

Action                   |  1- 3 |  4- 6 |  7- 9 | 10-12 | 13-15 || total
-------------------------+-------+-------+-------+-------+-------++-------
Melee: Short sword       |     1 |     1 |       |       |       ||     2
       Dagger            |       |       |       |     8 |       ||     8
       Staff             |       |       |       |       |     1 ||     1
 Cast: Magic Dart        |    67 |    96 |    74 |    57 |    16 ||   310
       Searing Ray       |     8 |    19 |    32 |    47 |    15 ||   121
       Fulminant Prism   |       |     5 |    25 |    91 |    55 ||   176
       Static Discharge  |       |     2 |       |       |       ||     2
       Iskenderun's Myst |       |       |       |    50 |    27 ||    77
       Animate Dead      |       |       |       |     6 |       ||     6
       Sandblast         |       |       |       |     1 |       ||     1
       Summon Mana Viper |       |       |       |       |     4 ||     4
Invok: Curse Item        |       |       |     1 |     2 |       ||     3
  Use: Scroll            |       |     8 |     1 |     7 |       ||    16
Armor: Robe              |     1 |     5 |     5 |       |       ||    11
       Ring mail         |       |       |     1 |     2 |       ||     3
       Scale mail        |       |       |       |    29 |    24 ||    53
Dodge: Dodged            |    10 |    18 |    23 |    22 |     9 ||    82
Block: Buckler           |       |       |       |    11 |     3 ||    14

Table legend: (Time is in decaauts)
 A = Elapsed time spent in this place.
 B = Non-inter-level travel time spent in this place.
 C = Inter-level travel time spent in this place.
 D = Time resting spent in this place.
 E = Time spent auto-exploring this place.
 F = Levels seen in this place.
 G = Mean time per level.
                   A        B        C        D        E       F      G
               +--------+--------+--------+--------+--------+-----+--------+
         Total |  13104 |  12446 |    658 |    410 |   8739 |  18 |  728.0 |
       Dungeon |   8116 |   7530 |    586 |     60 |   5544 |  10 |  811.6 |
        Temple |    266 |    246 |     20 |      0 |    244 |   1 |  266.0 |
          Lair |   4056 |   4004 |     52 |    342 |   2761 |   5 |  811.2 |
       Ossuary |    206 |    206 |      0 |      8 |     56 |   1 |  206.0 |
        Bailey |    458 |    458 |      0 |      0 |    134 |   1 |  458.0 |
               +--------+--------+--------+--------+--------+-----+--------+

Top non-repeatable levels by time:
  Lair:2: 1157 daAuts
     D:7: 1110 daAuts
     D:9: 1067 daAuts
    D:10: 1044 daAuts
  Lair:3: 988 daAuts
  Lair:1: 983 daAuts
     D:3: 981 daAuts
  Lair:4: 857 daAuts
     D:6: 844 daAuts
     D:2: 707 daAuts
     D:8: 637 daAuts
     D:5: 601 daAuts
     D:1: 599 daAuts
     D:4: 522 daAuts
  Bailey: 458 daAuts
